Unix xNetHack Version 8.0.0 - last build Jun 13 2023 01:05:28 (4b7ecc64c373f7294607d497be3f7ce1783331ac). Game began 2023-10-04 11:12:30, ended 2023-10-04 12:35:43. breadmaster, lawful female human Samurai ----- --.|.-- -- --- ---- |.....----.---- . -... |.......<...^.-- -. |... |..............-- --. ..{. |...............| ..#... --.............-- .... |........---..| -...- |-.......------ |...| |..........----- +...| --....----.....| ------...| ------ -----.---....)...| |............| ----..-----..| - --.|((.|..| ----- .| |.|(]@-.(--+--.........| |.|((.|..u@............| |.|---|................| --- ------..---------- --- Breadmaster the Kunoichi St:15 Dx:14 Co:15 In:9 Wi:10 Ch:6 Lawful S:2063 Dlvl:8 $:287 HP:0(48) Pw:24(24) AC:4 Xp:6/349 T:1970 Hungry Latest messages: The gnome shoots 2 crossbow bolts! You are hit by the 1st crossbow bolt. You are hit by the 2nd crossbow bolt. The gnome wields a wooden aklys! You kill the gnome! You kill the gnome! The gnome punches you! You kill the gnome! Welcome to experience level 6. You see here a crossbow bolt. Wait! There's something there you can't see! You miss it. You kill it! You see here a splint mail. You are beginning to feel hungry. You descend the stairs. You hear a door open. You hear a door open. You hear a chugging sound. You hear a door open. The gnome wields 3 daggers! The gnome thrusts one of her daggers. The gnome hits you! You kill the gnome! You see here 3 daggers. You rend the gnome. You miss the gnome. The gnome punches you! You kill the gnome! You see a door open. The gnome punches you! You kill the gnome! "Irasshaimase, breadmaster! Welcome to Izchak's lighting store!" "Will you please leave your pick-axe outside?" The black unicorn butts! The black unicorn kicks! You miss the black unicorn. The black unicorn butts! The black unicorn kicks! You hear a door open. What do you want to drop? [$a-egj-lpqs-zA-K or ?*] ? You drop a pick-axe {100}. You hear a door open. "Irasshaimase, breadmaster! Welcome again to Izchak's lighting store!" The black unicorn misses! The black unicorn kicks! The black unicorn butts! You die... Izchak looks at your corpse, shakes his head, and sighs. Do you want your possessions identified? [ynq] (y) q Inventory: Inventory: 636/800 weight (29/52 slots) Coins $ - 287 gold pieces {3} Amulets t - a blessed amulet of reflection (being worn) {20} Weapons B - 5 +0 silver arrows {5} d - 43 blessed +0 ya (in quiver) {43} c - a +0 yumi (alternate weapon; not wielded) {30} a - a +0 katana (weapon in hand) {40} b - a +0 wakizashi {30} Armor w - an uncursed +2 pair of low boots {10} e - an uncursed rustproof +0 splint mail (being worn) {300} Comestibles C - an uncursed carrot {2} D - an uncursed fortune cookie {1} j - 3 uncursed gunyoki {60} p - an uncursed tripe ration {10} Scrolls v - an uncursed scroll of food detection {5} E - an uncursed scroll of light {5} F - an uncursed scroll of stinking cloud {5} Potions g - a blessed potion of sake {20} G - an uncursed potion of sickness {20} Rings H - an uncursed ring of searching {3} s - an uncursed ring of shock resistance {3} Tools q - an uncursed credit card {1} J - an uncursed magic whistle {3} l - an uncursed osaku {4} A - an uncursed towel {2} Gems/Stones I - an uncursed turquoise stone {1} x - 4 uncursed worthless pieces of black glass {4} y - an uncursed worthless piece of blue glass {1} z - 2 uncursed worthless pieces of green glass {2} K - 2 uncursed worthless pieces of orange glass {2} u - an uncursed worthless piece of violet glass {1} Breadmaster the Samurai's attributes: Background: You were a Kunoichi, a level 6 female human Samurai. You were lawful, nominally on a mission for Amaterasu Omikami who was opposed by Raijin (neutral) and Susanowo (chaotic). You were heterosexual. You were in the Gnomish Mines, on level 8. You entered the dungeon 1970 turns ago. You had 349 experience points, 291 more were needed to attain level 7. Your score was 2063 before end-of-game adjustments. Basics: You had 0 out of 48 hit points. You had all 24 energy points (spell power). Your armor class was 4. Your wallet contained 287 zorkmids. Autopickup was off. Final Characteristics: Your strength was 15 (peak:18, limit:18/100). Your dexterity was 14 (limit:18). Your constitution was 15 (peak:18, limit:18). Your intelligence was 9 (limit:18). Your wisdom was 10 (limit:18). Your charisma was 6 (limit:18). Final Status: You were hungry. You were unencumbered. You were wielding a long sword. You had basic skill with long sword. Final Attributes: You were devoutly aligned. You were warded. You were fast. You had reflection. You are dead. Miscellaneous: You never encountered a bones level. Total elapsed playing time was 1 hour, 1 minute and 24 seconds. Major events: Turn 1: breadmaster the lawful female human Samurai entered the dungeon 939: attained the rank of Ronin (level 3) 957: made her first wish - "blessed amulet of reflection", got "a concave amulet" 1076: entered the Gnomish Mines 1892: attained the rank of Kunoichi (level 6) 1962: reached Mine Town 1970: killed by a black unicorn Vanquished creatures: 3 gnome leaders a gnomish wizard a gray ooze a little dog a kobold leader a kobold shaman 2 iguanas an acid blob a giant rat a red mold 30 gnomes 3 geckos 2 jackals 2 foxes a kobold a goblin 2 grid bugs a lichen 3 kobold zombies 6 newts 64 creatures vanquished. No species were genocided or became extinct. Voluntary challenges: You were an atheist. You were illiterate. You never genocided any monsters. You never polymorphed an object. You never changed form. You never touched an artifact. You used 1 wish. You did not wish for any artifacts. You never scared an enemy with impunity. You were celibate. You never generated conflict. Achievements: You entered a shop. You attained the rank of Ronin. You entered the Gnomish Mines. You attained the rank of Kunoichi. You entered Minetown. Dungeon overview: The Dungeons of Doom: levels 1 to 4 Level 1: Some fountains. Level 2: A potion shop, some fountains. Level 3: Some fountains. Level 4: A tree. Stairs down to The Gnomish Mines. The Gnomish Mines: levels 5 to 8 Level 5: Level 6: Level 7: Level 8: <- You were here. A lighting shop, a fountain, a tree. Final resting place for you, killed by a black unicorn. Game over: __________ / \ / REST \ / IN \ / PEACE \ / \ | breadmaster | | 287 Au | | killed by a | | black unicorn | | | | | | 2023 | *| * * * | * _________)/\\_//(\/(/\)/\//\/|_)_______ Sayonara breadmaster the Samurai... You died in The Gnomish Mines on dungeon level 8 with 2035 points, and 287 pieces of gold, after 1970 moves. You were level 6 with a maximum of 48 hit points when you died.